 Dungeon Crawl Stone Soup version 0.29.1-1-gd02db6906a (webtiles) character file.

Game seed: 4076524655649567746

10369 LustLizard the Thaumaturge (level 11, -12/65 HPs)
             Began as a Djinni Ice Elementalist on Oct 3, 2022.
             Was a Follower of Ashenzari.
             Mangled by a death yak (20 damage)
             ... on level 10 of the Dungeon.
             The game lasted 00:32:10 (14973 turns).

LustLizard the Thaumaturge (DjIE)                  Turns: 14973, Time: 00:32:10

Health: -12/65     AC:  5    Str:  7    XL:     11   Next: 91%
Gold:   482        EV: 15    Int: 26    God:    Ashenzari [*.....] SH:  0 Dex: 11

rFire   + + .      SeeInvis .   o - +2 spear "Sibylline Awkwardness" {venom, Fort, Cun} (curse)
rCold   x . .      Faith    .   (no shield)
rNeg    . . .      Spirit   .   (no body armour)
rPois   ∞          Reflect  .   (no helmet)
rElec   .          Harm     .   (no cloak)
rCorr   .          Rampage  .   i - +0 pair of gloves of Winter {Will+++ Dex-4}
Will    ++++.                   (boots unavailable)
Stlth   +++.......              (no amulet)
HPRegen 0.20/turn               n - ring "Gaze Upon Infinity" {AC+4 Int+3, Cun, Self} (curse)
MPRegen 0.00/turn               q - ring of Qaffobbe {Wiz Int+3 Slay+3}

@: about to teleport, freezing walls, flying
A: sickness immunity, fire resistance 2, cold vulnerability 1, float, innate
caster, HP casting, extra vitality 1
a: Renounce Religion, Shatter the Chains


You were on level 10 of the Dungeon.
You worshipped Ashenzari.
Ashenzari was aware of your devotion.
You visited 1 branch of the dungeon, and saw 10 of its levels.

You collected 508 gold pieces.
You spent 26 gold pieces at shops.

Inventory:

Hand Weapons
 b - a +0 dagger
 o - the cursed +2 spear "Sibylline Awkwardness" (weapon) {venom, Fort, Cun}
   (You took it off a gnoll on level 4 of the Dungeon)

   It poisons the flesh of those it strikes.
   It has a curse which improves the following skills: Fortitude: Armour and
   Shields.
   Cunning:   Dodging and Stealth.
Missiles
 t - 21 poisoned darts
 x - 2 boomerangs of dispersal
Armour
 a - a +0 robe
 i - the +0 pair of gloves of Winter (worn) {Will+++ Dex-4}
   (You acquired it on level 5 of the Dungeon)

   Dex:       It affects your dexterity (-4).
   Will:      It greatly increases your willpower.
 G - a +0 pair of gloves
 H - +0 acid dragon scales
Jewellery
 n - the cursed ring "Gaze Upon Infinity" (left hand) {AC+4 Int+3, Cun, Self}
   (You found it on level 5 of the Dungeon)

   [ring of protection]

   AC:        It affects your AC (+4).
   Int:       It affects your intelligence (+3).
   It has a curse which improves the following skills: Cunning: Dodging and
   Stealth.
   Introspection: Fighting and Spellcasting.
 q - the ring of Qaffobbe (right hand) {Wiz Int+3 Slay+3}
   (You acquired it on level 5 of the Dungeon)

   [ring of wizardry]

   It improves your spell success rate.
   Int:       It affects your intelligence (+3).
   Slay:      It affects your accuracy & damage with ranged weapons and melee
   (+3).
 y - a +6 ring of dexterity
Wands
 C - a wand of polymorph (5)
 D - a wand of paralysis (12)
 E - a wand of flame (13)
Scrolls
 c - 3 scrolls of identify
 d - 2 scrolls of vulnerability
 e - a scroll of enchant armour
 j - a scroll of noise
 k - a scroll of fog
 p - a scroll of amnesia
 s - a scroll of enchant weapon
 v - a scroll of fear
Potions
 f - 5 potions of might
 g - 2 potions of resistance
 l - a potion of degeneration
 m - 2 potions of curing
 r - 2 potions of mutation
 u - a potion of haste
 z - 2 potions of ambrosia
 A - 2 potions of cancellation
Miscellaneous
 F - a phial of floods


   Skills:
 - Level 4.2 Polearms
 - Level 8.0(9.3) Dodging
 - Level 5.8(7.1) Stealth
 * Level 11.7(12.5) Spellcasting


You had 10 spell levels left.
You knew the following spells:

 Your Spells              Type           Power      Damage    Failure   Level
a - Freeze                Ice            100%       1d11      0%          1
b - Frozen Ramparts       Ice            100%       1d16      1%          3
c - Ozocubu's Armour      Ice            69%        N/A       1%          3
d - Hailstorm             Conj/Ice       69%        3d14      1%          4
e - Slow                  Hex            100%       N/A       0%          1
f - Wereblood             Tmut           69%        N/A       1%          2
g - Teleport Other        Tloc           69%        N/A       1%          3
h - Airstrike             Air            34%        2d(5-21)  1%          4
i - Passage of Golubria   Tloc           69%        N/A       1%          4
Your spell library was empty.

Dungeon Overview and Level Annotations

Branches:
Dungeon (10/15)            Temple (0/1) D:5
   Lair: D:8-11         Orc: D:9-12

Altars:
Ashenzari
Cheibriados
Elyvilon
Fedhas
Gozag
Hepliaklqana
The Shining One

Shops:
D:1 :   D:3 (?=[   D:10 :

Annotations:
D:10 exclusion: death yak


Innate Abilities, Weirdness & Mutations

You are immune to sickness and miasma.
You are immune to poison.
Your flesh is very heat resistant. (rF++)
You are vulnerable to cold. (rC-)
You float through the air rather than walking.
You learn spells naturally, not from books.
Your magical power is your life essence.
You have superior vitality. (+4 MHP)


Message History

Press: ? - help, Dir - look around, f - activate The walls around you are covered in ice.
The wall freezes the orc priest but does no damage.
The orc priest barely misses you.
You hit the orc priest.
The orc priest is poisoned.
You punch the orc priest, but do no damage.
The orc priest is moderately wounded.
The wall freezes the orc priest.
The orc priest hits you with the +8 mace of Yvofer {flame, *Slow rF+ Str+4}.
* * * LOW HITPOINT WARNING * * *
The wall freezes the death yak but does no damage.
You hit the orc priest.
The orc priest looks as sick as possible!
The orc priest is severely wounded.
You kill the orc priest!
The wall freezes the death yak but does no damage.
You hit the death yak.
The death yak is poisoned.
The death yak is lightly wounded.
The wall freezes the death yak.
The death yak misses you.
You barely miss the death yak.
The death yak is lightly wounded.
The wall freezes the death yak but does no damage.
The death yak gores you!
* * * LOW HITPOINT WARNING * * *
The death yak bellows!
You hit the death yak.
The death yak is lightly wounded.
You hear a shout!
Unknown command.
You feel much better.
The wall freezes the death yak.
The death yak gores you but does no damage.
As you read the scroll of teleportation, it crumbles to dust.
You feel strangely unstable.
The wall freezes the death yak but does no damage.
The death yak gores you!!
* * * LOW HITPOINT WARNING * * *
You can't unwield your weapon to draw a new one!
Unknown command.
You feel better.
The wall freezes the death yak.
The death yak gores you!!
You die...

#.#.##..###.##...#
#...##..........##
###.#######.###.#
#.# #.# #.# #.#
#.# #.# ### #.#
#.# ... #.# #.#
##. ...###.#######
## ...(.Y.Y@.)...#
. .
##.##########.#
##... # ..# ,
##.... , ##...Y
......*, ##... *,
# .,


You could see 2 death yaks.

Vanquished Creatures
  Erica (D:10)
  Pikel (D:4)
  A troll (D:10)
  A hornet (D:9)
  Grinder (D:3)
  3 shadows (D:9)
  9 yaks
  3 wyverns (D:9)
  2 wraiths
  6 humans (D:7)
  Edmund (D:6)
  An acid dragon (D:10)
  3 water moccasins
  3 black bears
  4 orc warriors
  A sky beast (D:8)
  An ice beast (D:6)
  An ogre (D:7)
  6 centaurs
  A phantom (D:5)
  A lemure (D:4)
  4 kobold brigands
  Blork the orc (D:4)
  7 bullfrogs
  A gnoll sergeant (D:7)
  3 necrophages
  3 scorpions
  11 wights
  A jelly (D:5)
  6 killer bees
  5 howler monkeys
  8 orc priests
  A gnoll bouda (D:4)
  4 hounds
  Jessica (D:2)
  Terence (D:2)
  6 iguanas
  11 orc wizards
  5 adders
  8 gnolls
  A shadow imp (D:6)
  4 ufetubi
  2 worms
  3 dart slugs
  32 orcs
  7 endoplasms
  6 giant cockroaches
  7 goblins
  7 hobgoblins
  3 jackals (D:5)
  3 quokkas
  4 ball pythons
  6 bats
  A frilled lizard (D:2)
  14 kobolds
  5 rats
243 creatures vanquished.

Notes
Turn   | Place    | Note
-------+----------+-------------------------------------------
     0 | D:1      | LustLizard the Djinni Ice Elementalist began the quest for
                  | the Orb.
     0 | D:1      | LustLizard set off with the following spells memorised:
                  | Freeze, Frozen Ramparts, Ozocubu's Armour, Hailstorm.
     0 | D:1      | Reached XP level 1. HP: 15/15 MP: 0/0
   207 | D:1      | Reached XP level 2. HP: 17/21 MP: 0/0
   289 | D:1      | Found Fyasoab's Book Boutique.
  1320 | D:2      | Reached XP level 3. HP: 16/25 MP: 0/0
  1320 | D:2      | Learned a level 1 spell: Slow
  1888 | D:2      | Noticed Terence
  1953 | D:2      | Killed Terence
  1954 | D:2      | Reached skill level 4 in Spellcasting
  1954 | D:2      | Reached XP level 4. HP: 18/31 MP: 0/0
  2270 | D:2      | Found a faded altar of an unknown god.
  2526 | D:2      | Noticed Jessica
  2536 | D:2      | Killed Jessica
  2537 | D:2      | Reached XP level 5. HP: 27/35 MP: 0/0
  2537 | D:2      | Learned a level 2 spell: Wereblood
  3259 | D:3      | Found a white marble altar of Elyvilon.
  3311 | D:3      | Found Noceuked's Magic Scroll Shop.
  3519 | D:3      | Bought a scroll of identify for 26 gold pieces
  3544 | D:3      | Found Vizinyih's Jewellery Shoppe.
  3627 | D:3      | Found Kouffaw's Antique Armour Boutique.
  3791 | D:3      | Found Sunwipaz's Weapon Shop.
  3826 | D:3      | Noticed Grinder
  3839 | D:3      | Paralysed by Grinder for 3 turns
  3848 | D:3      | Paralysed by Grinder for 2 turns
  4330 | D:3      | Paralysed by Grinder for 3 turns
  4398 | D:3      | Paralysed by Grinder for 3 turns
  4414 | D:3      | Paralysed by Grinder for 5 turns
  4540 | D:3      | Found an opulent altar of Gozag.
  4661 | D:3      | Found a faded altar of an unknown god.
  4671 | D:3      | Found a broken altar of Ashenzari.
  4719 | D:3      | Became a worshipper of Ashenzari the Shackled
  4776 | D:3      | Reached XP level 6. HP: 34/40 MP: 0/0
  5080 | D:4      | Reached skill level 5 in Spellcasting
  5566 | D:3      | Paralysed by Grinder for 3 turns
  5592 | D:3      | Killed Grinder
  5593 | D:3      | Reached XP level 7. HP: 25/45 MP: 0/0
  5593 | D:3      | Learned a level 3 spell: Teleport Other
  5769 | D:4      | Found a blossoming altar of Fedhas.
  5898 | D:4      | Noticed Blork the orc
  6030 | D:4      | Killed Blork the orc
  6031 | D:4      | Reached skill level 6 in Spellcasting
  6378 | D:4      | Noticed Pikel
  6554 | D:4      | Killed Pikel
  6555 | D:4      | Reached skill level 5 in Stealth
  6555 | D:4      | Reached XP level 8. HP: 30/50 MP: 0/0
  6759 | D:4      | Reached skill level 7 in Spellcasting
  6871 | D:4      | Found a hazy altar of Hepliaklqana.
  6912 | D:5      | Entered Level 5 of the Dungeon
  6952 | D:5      | Reached skill level 1 in Polearms
  7088 | D:5      | Found a staircase to the Ecumenical Temple.
  7135 | D:5      | Reached XP level 9. HP: 41/55 MP: 0/0
  7135 | D:5      | Learned a level 4 spell: Airstrike
  7643 | D:5      | Identified the ring of the Unstoppable Hells {AC+4 Int+3}
  7967 | D:5      | Reached * piety under Ashenzari
  7967 | D:5      | Identified 2 scrolls of acquirement
  7968 | D:5      | Acquired the ring of Qaffobbe {Wiz Int+3 Slay+3}
  7971 | D:5      | Acquired the +0 pair of gloves of Winter {Will+++ Dex-4}
  8752 | D:6      | Noticed Edmund
  8758 | D:6      | Killed Edmund
  9072 | D:6      | Reached skill level 8 in Spellcasting
  9211 | D:6      | Reached ** piety under Ashenzari
  9922 | D:7      | Reached XP level 10. HP: 55/60 MP: 0/0
 10097 | D:7      | Reached skill level 9 in Spellcasting
 10306 | D:7      | Found a snail-covered altar of Cheibriados.
 10699 | D:7      | Reached skill level 5 in Dodging
 11756 | D:8      | Reached skill level 10 in Spellcasting
 11758 | D:8      | Reached XP level 11. HP: 61/65 MP: 0/0
 11758 | D:8      | Learned a level 4 spell: Passage of Golubria
 12691 | D:9      | Found a glowing golden altar of the Shining One.
 13442 | D:9      | Reached skill level 11 in Spellcasting
 14444 | D:10     | Entered Level 10 of the Dungeon
 14466 | D:10     | Noticed Erica
 14472 | D:10     | Killed Erica
 14701 | D:10     | Found Ruomoah's Book Shop.
 14711 | D:10     | Noticed a death yak
 14958 | D:10     | Identified the +8 mace of Yvofer {flame, *Slow rF+ Str+4}
 14963 | D:10     | Noticed a death yak
 14972 | D:10     | HP: 3/65 [death yak (24)]
 14973 | D:10     | Mangled by a death yak

Illustrated notes

Levels and vault maps discovered:
D:1:      psy_arrival_fountain, layout_loops_cross, serial_shops, shop_statue
D:2:      layout_basic, shapermc_ecumenical_altar_notcrosses, uniq_terence,
          uniq_jessica
D:3:      layout_rooms, marbit_many_paths, chequers_temple_overflow_minitemple,
          serial_rivers, chequers_serial_rivers_small_a,
          chequers_serial_rivers_marsh, chequers_serial_rivers_room_b,
          chequers_serial_rivers_large_b, chequers_serial_rivers_micro_e,
          serial_shops, shop_statue, shop, shop, nicolae_square_shop,
          uniq_grinder
D:4:      cheibrodos_helix_gallery, layout_cave_pods,
          mainiacjoe_overflow_brackets, mainiacjoe_overflow_paths,
          uniq_blork_the_orc, uniq_pikel
D:5:      layout_basic, minmay_temple_entry_ruins, dk_noncrumbling_3,
          hangedman_decor_peaks_small
D:6:      layout_basic, kennysheep_generic_room_13, uniq_edmund
D:7:      minmay_skewed_foursquare, layout_rooms,
          mainiacjoe_overflow_six_doors_small, st_stairs_4, minmay_ruffians
D:8:      layout_loops_cross
D:9:      minmay_four_partial_circles, layout_loops_cross,
          nicolae_tso_swordbearing_angel
D:10:     layout_loops_ring, nzn_wu_jian_contemplation, dpeg_lair_monsters,
          serial_shops, shop, minmay_variable_closet, serial_park_tiny_pond,
          grunt_ministairs_12, uniq_erica

Skill      XL: |  1  2  3  4  5  6  7  8  9 10 11 |
---------------+----------------------------------+-----
Stealth        | 2 3 4 5 |  5.8
Spellcasting   | 4 5 6 7 8 10 11 | 11.7
Polearms       | 1 4 |  4.2
Dodging        | 6 8 |  8.0

Action                   |  1- 3 |  4- 6 |  7- 9 | 10-12 || total
-------------------------+-------+-------+-------+-------++-------
Melee: Dagger            |     5 |    42 |       |       ||    47
       Punch             |       |     3 |     1 |     6 ||    10
       Spear             |       |    29 |   228 |   347 ||   604
 Cast: Freeze            |    39 |    62 |     1 |       ||   102
       Slow              |     3 |     4 |     2 |     1 ||    10
       Frozen Ramparts   |       |    10 |    20 |    41 ||    71
       Ozocubu's Armour  |       |     4 |    15 |    22 ||    41
       Airstrike         |       |       |       |    18 ||    18
Invok: Curse Item        |       |       |     3 |       ||     3
       Shatter the Chain |       |       |       |     1 ||     1
  Use: Scroll            |       |     5 |     4 |     1 ||    10
       Potion            |       |     1 |       |     2 ||     3
 Stab: Sleeping          |       |     6 |     8 |     3 ||    17
       Distracted        |       |       |       |     2 ||     2
Armor: Robe              |     3 |    30 |    55 |    66 ||   154
       Skin              |       |       |       |     3 ||     3
Dodge: Dodged            |    19 |    74 |   133 |   183 ||   409
